 Dungeon Crawl Stone Soup version 0.22-a0-40-g3d2f077 (webtiles) character file.

573 mopl the Spear-Bearer (level 7, 0/50 HPs)
             Began as a Merfolk Warper on Jan 4, 2018.
             Was an Initiate of Fedhas.
             Splashed by a jelly's acid (1 damage)
             ... on level 5 of the Dungeon.
             The game lasted 00:09:12 (6295 turns).

mopl the Spear-Bearer (Merfolk Warper)              Turns: 6295, Time: 00:09:13

Health: 0/50       AC: -1    Str: 11    XL:     7   Next: 34%
Magic:  12/12      EV: 12    Int: 12    God:    Fedhas [......]
Gold:   298        SH:  0    Dex: 16    Spells: 5/12 levels left

rFire    . . .     SeeInvis .   a - +0 spear
rCold    + . .     Gourm    .   (no shield)
rNeg     . . .     Faith    .   b - +0 leather armour
rPois    .         Spirit   .   A - +0 helmet
rElec    .         Reflect  .   (no cloak)
rCorr    .         Harm     .   I - +0 pair of gloves (curse)
MR       .....                  l - +0 pair of boots
Stlth    ++........             (no amulet)
HPRegen  0.16/turn              v - ring of protection from cold
MPRegen  0.13/turn              y - ring of stealth

@: corroded
A: change form in water, swift swim, stealthy swim
a: Fungal Bloom, Renounce Religion


You were on level 5 of the Dungeon.
You worshipped Fedhas.
Fedhas was noncommittal.
You were not hungry.

You visited 1 branch of the dungeon, and saw 5 of its levels.

You collected 298 gold pieces.

Inventory:

Hand Weapons
 a - a +0 spear (weapon)
 u - a +2 dagger of venom
Missiles
 e - 3 tomahawks of dispersal (quivered)
 h - 6 curare-tipped needles
 H - 13 poisoned needles
Armour
 b - a +0 leather armour (worn)
 l - a +0 pair of boots (worn)
 A - a +0 helmet (worn)
 I - a cursed +0 pair of gloves (worn)
Jewellery
 v - a ring of protection from cold (left hand)
 y - a ring of stealth (right hand)
 C - an uncursed ring of magical power
Wands
 z - a wand of acid (12)
Scrolls
 d - a scroll of blinking
 m - a scroll of fog {unknown}
 o - 3 scrolls of teleportation {unknown}
 q - a scroll of immolation {unknown}
 r - 3 scrolls of remove curse {unknown}
 s - 3 scrolls of identify
 x - 2 scrolls of magic mapping {unknown}
 B - 2 scrolls of enchant weapon {unknown}
 D - a scroll of fear {unknown}
 E - a scroll of amnesia {unknown}
 F - a scroll of random uselessness {unknown}
Potions
 g - a potion of invisibility
 i - a potion of haste
 j - 3 potions of curing
 k - a potion of might
 n - a potion of magic {unknown}
 p - a potion of lignification {unknown}
 t - a potion of agility {unknown}
 w - 3 potions of heal wounds {unknown}
 G - a potion of flight {unknown}
Books
 c - a book of Spatial Translocations

   Spells                             Type                      Level
   a - Blink                          Translocation                2
   b - Shroud of Golubria             Charms/Translocation         2
   c - Lesser Beckoning               Translocation                3
   d - Gell's Gravitas                Translocation                3
   e - Teleport Other                 Translocation                3
   f - Passage of Golubria            Translocation                4
 K - a Young Poisoner's Handbook

   Spells                             Type                      Level
   a - Sting                          Conjuration/Poison           1
   b - Poisonous Vapours              Poison/Air                   2
   c - Mephitic Cloud                 Conjuration/Poison/Air       3
   d - Olgreb's Toxic Radiance        Poison                       4
   e - Venom Bolt                     Conjuration/Poison           5
Comestibles
 f - 5 rations
 J - 4 chunks of flesh


   Skills:
 - Level 2.1 Fighting
 * Level 8.1 Polearms
 - Level 1.0 Throwing
 - Level 0.6 Armour
 - Level 2.6 Dodging
 + Level 3.3 Spellcasting
 + Level 2.8 Charms
 + Level 3.4 Translocations
 + Level 1.7 Invocations


You had 5 spell levels left.
You knew the following spells:

 Your Spells              Type           Power        Failure   Level  Hunger
e - Blink                 Tloc           N/A          12%         2    ##.....
f - Shroud of Golubria    Chrm/Tloc      #.........   13%         2    ##.....
t - Teleport Other        Tloc           ##......     22%         3    ###....


Dungeon Overview and Level Annotations

Branches:
Dungeon (5/15)             Temple (0/1) D:4

Altars:
Dithmenos
Fedhas
Trog
Uskayaw

Annotations:
D:5 exclusion: steam dragon


Message History

You are too injured to fight recklessly!
You are too injured to fight recklessly!
You hit the jelly.
Your hands burn!
* * * LOW HITPOINT WARNING * * *
The jelly is almost dead.
The jelly completely misses you.
A jackal comes into view.
The jackal barks!
You hit the jelly but do no damage.
Your hands burn!
* * * LOW HITPOINT WARNING * * *
The jelly is almost dead.
You hit the jelly.
Your hands burn!
* * * LOW HITPOINT WARNING * * *
The jelly is almost dead.
The jelly barely misses you.
A jackal comes into view.
The jackal barks!
You hit the jelly. The acid corrodes you!
Your hands burn!
You die...
Fedhas appreciates your contribution to the ecosystem.

####### #..)..#
########.....#
#.....##.....#
#.....##.....#
###.....##.....##.
h.h....@''.....''.
###...J.##.....##
#.....##.....#
#%....##.....# ###
.########.....#######..
.'.....................
######.#############..
#..# #.. ##.# #..


You could see a jelly and 2 jackals.

Vanquished Creatures
  An ogre (D:4)
  2 orc wizards (D:3)
  An orc priest (D:4)
  Jessica (D:3)
  Natasha (thrice) (D:4)
  3 worker ants (D:4)
  3 gnolls (D:5)
  7 adders
  A shadow imp (D:5)
  An ooze (D:1)
  A worm (D:4)
  5 leopard geckos
  6 orcs
  4 ball pythons
  10 bats
  2 giant cockroaches
  10 goblins
  6 hobgoblins
  15 jackals
  9 kobolds
  3 quokkas
  6 frilled lizards
  19 rats
119 creatures vanquished.

Vanquished Creatures (others)
  A fungus (D:3)
  13 toadstools
14 creatures vanquished.

Grand Total: 133 creatures vanquished

Notes
Turn   | Place    | Note
-------+----------+-------------------------------------------
     0 | D:1      | mopl the Merfolk Warper began the quest for the Orb.
     0 | D:1      | Reached XP level 1. HP: 16/16 MP: 3/3
    86 | D:1      | Reached skill level 4 in Polearms
    86 | D:1      | Reached XP level 2. HP: 14/22 MP: 5/5
   318 | D:1      | Learned a level 2 spell: Blink
   321 | D:1      | Learned a level 2 spell: Shroud of Golubria
   719 | D:1      | Reached skill level 5 in Polearms
   719 | D:1      | Reached XP level 3. HP: 27/27 MP: 6/6
  1056 | D:2      | Found a shadowy altar of Dithmenos.
  1513 | D:2      | Reached XP level 4. HP: 9/33 MP: 7/7
  1673 | D:1      | Learned a level 3 spell: Teleport Other
  2115 | D:2      | Reached skill level 1 in Charms
  2652 | D:3      | Found a bloodstained altar of Trog.
  2783 | D:3      | Reached skill level 6 in Polearms
  2783 | D:3      | Reached XP level 5. HP: 6/38 MP: 8/8
  3784 | D:3      | Noticed Jessica
  3797 | D:3      | Killed Jessica
  3962 | D:3      | Found a blossoming altar of Fedhas.
  3977 | D:3      | Reached skill level 2 in Charms
  3977 | D:3      | Reached skill level 3 in Translocations
  3977 | D:3      | Reached XP level 6. HP: 44/44 MP: 10/10
  3980 | D:3      | Became a worshipper of Fedhas Madash
  4002 | D:3      | Noticed an oklob plant
  4214 | D:4      | Reached skill level 7 in Polearms
  4214 | D:4      | Reached skill level 3 in Spellcasting
  4485 | D:4      | Reached skill level 1 in Invocations
  4717 | D:4      | Noticed Natasha
  4731 | D:4      | Killed Natasha
  4947 | D:4      | Found a staircase to the Ecumenical Temple.
  5095 | D:4      | Reached XP level 7. HP: 36/50 MP: 11/11
  5401 | D:4      | Noticed Natasha
  5420 | D:4      | Killed Natasha
  5706 | D:4      | Noticed Natasha
  5716 | D:4      | Killed Natasha
  5716 | D:4      | Reached skill level 8 in Polearms
  5912 | D:5      | Entered Level 5 of the Dungeon
  5951 | D:5      | Found a hide-covered altar of Uskayaw.
  5953 | D:5      | Noticed a dagger
  5953 | D:5      | Noticed a dagger
  6254 | D:5      | Noticed a steam dragon
  6294 | D:5      | HP: 1/50 [acid (5)]
  6295 | D:5      | Splashed by a jelly's acid

Vault maps used:
D:1:      scummos_arrival_star, st_stairs_3, feat_on_display
D:2:      overflow_temple_1_default, minmay_rat_gold_closets
D:3:      lemuel_round_altar, tgw_fedhas, kennysheep_jessica_study
D:4:      minmay_temple_entry_glass, uniq_natasha
D:5:      kennysheep_steamy, dancing_weapons_uskayaw, first_ration

Skill      XL: |  1  2  3  4  5  6  7 |
---------------+----------------------+-----
Polearms       | 4 5 6 7 8 |  8.1
Charms         | 1 2 |  2.8
Translocations | 3 |  3.4
Spellcasting   | 3 |  3.3
Invocations    | 1 |  1.7
Fighting       | |  2.1
Throwing       | |  1.0
Armour         | |  0.6
Dodging        | |  2.6

Action                   |  1- 3 |  4- 6 |  7- 9 || total
-------------------------+-------+-------+-------++-------
Melee: Spear             |   174 |   288 |    46 ||   508
       Dagger            |       |    50 |    39 ||    89
       Tailslap          |       |     1 |       ||     1
Throw: Tomahawk          |       |     2 |       ||     2
 Cast: Shroud of Golubri |       |     4 |       ||     4
Invok: Fungal Bloom      |       |     3 |     1 ||     4
  Use: Potion            |       |     2 |       ||     2
       Scroll            |       |     3 |       ||     3
 Stab: Sleeping          |     3 |     6 |       ||     9
       Distracted        |       |     1 |     1 ||     2
  Eat: Chunk             |     2 |    10 |     3 ||    15
       Ration            |       |     1 |       ||     1
Armor: Leather armour    |    53 |    51 |    16 ||   120
Dodge: Dodged            |   166 |   137 |    32 ||   335

Table legend:
 A = Spawn XP
 B = Non-spawn XP
 C = Spawn XP percentage of total XP
 D = Spawn monster count
 E = Non-spawn monster count
 F = Spawn count percentage of total count
 G = Total turns spent on level
                    A         B        C        D         E        F      G
               +---------+---------+-------+---------+---------+-------+---------
         Total |       0 |     819 |   0.0 |       0 |     119 |   0.0 |  6295
               +---------+---------+-------+---------+---------+-------+---------
           D:1 |       0 |      60 |   0.0 |       0 |      34 |   0.0 |  1476
           D:2 |       0 |      71 |   0.0 |       0 |      27 |   0.0 |   947
           D:3 |       0 |     201 |   0.0 |       0 |      33 |   0.0 |  1749
           D:4 |       0 |     432 |   0.0 |       0 |      21 |   0.0 |  1740
           D:5 |       0 |      55 |   0.0 |       0 |       4 |   0.0 |   383
               +---------+---------+-------+---------+---------+-------+---------
